 Dungeon Crawl Stone Soup version 0.25.1-9-gc5326a611f (webtiles) character file.

Game seed: 13284957080709290740

721 pokeman the Thaumaturge (level 7, -11/39 HPs)
             Began as a Deep Elf Wizard on Dec 26, 2020.
             Killed by divine providence
             ... invoked by an orc priest
              (14 damage)
             ... on level 4 of the Dungeon.
             The game lasted 00:09:22 (5026 turns).

pokeman the Thaumaturge (Deep Elf Wizard)           Turns: 5026, Time: 00:09:22

Health: -11/39     AC:  6    Str:  4    XL:     7   Next: 42%
Magic:  21/29      EV: 12    Int: 25    God:
Gold:   232        SH:  0    Dex: 13    Spells: 11/22 levels left

rFire    . . .     SeeInvis .   z - +1 falchion (elec)
rCold    . . .     Gourm    .   (no shield)
rNeg     . . .     Faith    .   j - +0 leather armour
rPois    .         Spirit   .   b - +0 hat
rElec    .         Reflect  .   r - +0 cloak
rCorr    .         Harm     .   m - +0 pair of gloves
MR       .....                  e - +0 pair of boots
Stlth    ++........             (no amulet)
HPRegen  0.13/turn              C - ring of magical power
MPRegen  0.21/turn              (no ring)

@: very slightly contaminated
A: no striking features
a: no special abilities


You were on level 4 of the Dungeon.
You were hungry.

You visited 1 branch of the dungeon, and saw 4 of its levels.

You collected 232 gold pieces.

Inventory:

Hand Weapons
 a - a +4 quarterstaff of chaos
 z - a +1 falchion of electrocution (weapon)
 A - a +1 dagger of venom
Missiles
 p - 124 arrows
 y - 19 bolts
Armour
 b - a +0 hat (worn)
 e - a +0 pair of boots (worn)
 j - a +0 leather armour (worn)
 m - a +0 pair of gloves (worn)
 o - a +0 tower shield
 r - a +0 cloak (worn)
Jewellery
 C - a ring of magical power (left hand)
Scrolls
 f - a scroll of immolation {unknown}
 h - 3 scrolls of blinking {unknown}
 k - 2 scrolls of enchant armour {unknown}
 l - 3 scrolls of identify {unknown}
 n - 3 scrolls of teleportation {unknown}
 q - 2 scrolls of remove curse {unknown}
 s - a scroll of random uselessness {unknown}
 x - a scroll of fog {unknown}
 B - a scroll of magic mapping {unknown}
Potions
 c - a potion of berserk rage {unknown}
 g - a potion of ambrosia {unknown}
 i - 2 potions of curing
 t - a potion of degeneration {unknown}
 v - a potion of flight {unknown}
 w - a potion of might {unknown}
Comestibles
 d - 12 rations
 u - 5 chunks of flesh


   Skills:
 + Level 1.9 Fighting
 - Level 1.0 Armour
 - Level 3.0 Dodging
 - Level 3.0 Stealth
 - Level 1.0 Shields
 * Level 8.1 Spellcasting
 + Level 4.0 Conjurations
 - Level 1.1 Summonings
 - Level 1.1 Translocations
 + Level 2.3 Fire Magic
 - Level 1.0 Air Magic
 - Level 1.0 Poison Magic


You had 11 spell levels left.
You knew the following spells:

 Your Spells              Type           Power        Failure   Level  Hunger
a - Magic Dart            Conj           ####         1%          1    None
b - Mephitic Cloud        Conj/Pois/Air  ###.....     14%         3    None
c - Call Imp              Summ           ###.....     10%         2    None
d - Blink                 Tloc           N/A          10%         2    None
e - Conjure Flame         Conj/Fire      ####....     9%          3    None

Your spell library contained the following spells:

 Spells                   Type           Power        Failure   Level  Hunger
 Slow                     Hex            ##......     16%         2    None


Dungeon Overview and Level Annotations

Branches:
Dungeon (4/15)
 Temple: D:4-7

Altars:
Nemelex Xobeh
Sif Muna

Annotations:
D:4 Grinder


Message History

Grinder says, "Just stop there for a second..."
Grinder gestures at you. Pain shoots through your body!
* * * LOW HITPOINT WARNING * * *
You hear some strange, mumbled words.
You are confused.
You're too confused to move!
An orc priest comes into view. It is wielding a +0 short sword.
Grinder gestures at you. You resist with some effort.
A magic dart appears from out of thin air!
The magic dart hits you but does no damage.
Unknown command.
Unknown command.
The iguana hisses menacingly.
Something tries to affect you, but you resist.
You feel less confused.
The orc priest calls down the wrath of Beogh upon you.
Beogh smites you!
You die...

# #.......#...... .##
#..############
#.#####..# #........#
####.######.##
#......###...#
#.##.#.......#
#.##..##...# #
##.#.@######
..#..#.##..#
...o.o..o5.##
...#.#.{#### ....o##
#.##... ##### # ###.
#...# ### #. #._.#
#.## #####
..###...####.#####...#


You could see Grinder and 2 orc priests.

Vanquished Creatures
  A phantom (D:4)
  Purgy (D:3)
  A sky beast (D:4)
  Blork the orc (D:4)
  A crimson imp (D:4)
  A hound (D:4)
  3 orc wizards
  An orc priest (D:4)
  Crazy Yiuf (D:2)
  Natasha (D:3)
  Terence (D:3)
  2 worker ants (D:4)
  4 adders
  A worm (D:3)
  2 leopard geckos (D:3)
  15 orcs
  3 bats
  2 giant cockroaches
  8 goblins
  5 hobgoblins
  2 jackals (D:2)
  4 quokkas
  A ball python (D:2)
  4 frilled lizards
  5 kobolds
  4 rats
75 creatures vanquished.

Notes
Turn   | Place    | Note
-------+----------+-------------------------------------------
     0 | D:1      | pokeman the Deep Elf Wizard began the quest for the Orb.
     0 | D:1      | Reached XP level 1. HP: 10/10 MP: 7/7
   974 | D:1      | Reached XP level 2. HP: 16/16 MP: 5/9
  1043 | D:1      | Found a sparkling altar of Nemelex Xobeh.
  1410 | D:2      | Reached skill level 5 in Spellcasting
  1497 | D:2      | Reached XP level 3. HP: 20/20 MP: 5/11
  1502 | D:2      | Learned a level 3 spell: Mephitic Cloud
  1505 | D:2      | Learned a level 2 spell: Call Imp
  1508 | D:2      | Learned a level 2 spell: Blink
  1512 | D:2      | Learned a level 3 spell: Conjure Flame
  1828 | D:2      | Found a runed translucent door.
  1829 | D:2      | Noticed Crazy Yiuf
  2147 | D:2      | Killed Crazy Yiuf
  2147 | D:2      | Reached skill level 1 in Fighting
  2147 | D:2      | Reached skill level 1 in Armour
  2303 | D:3      | Noticed Natasha
  2314 | D:3      | Killed Natasha
  2314 | D:3      | Reached XP level 4. HP: 19/25 MP: 3/13
  2315 | D:3      | Noticed Purgy
  2580 | D:3      | Killed Purgy
  2580 | D:3      | Reached skill level 1 in Shields
  2580 | D:3      | Reached skill level 6 in Spellcasting
  2580 | D:3      | Reached XP level 5. HP: 24/29 MP: 5/15
  3327 | D:3      | Reached skill level 1 in Poison Magic
  3608 | D:3      | Noticed Terence
  3616 | D:3      | Killed Terence
  3616 | D:3      | Reached XP level 6. HP: 28/34 MP: 8/17
  4041 | D:4      | Noticed a sky beast
  4052 | D:4      | Killed a sky beast
  4052 | D:4      | Reached skill level 7 in Spellcasting
  4052 | D:4      | Reached skill level 1 in Air Magic
  4065 | D:4      | Reached skill level 1 in Fire Magic
  4331 | D:4      | Reached XP level 7. HP: 32/38 MP: 8/20
  4537 | D:4      | Noticed Blork the orc
  4545 | D:4      | Killed Blork the orc
  4553 | D:4      | Found a shimmering blue altar of Sif Muna.
  4807 | D:4      | Reached skill level 8 in Spellcasting
  5004 | D:4      | Noticed Grinder
  5013 | D:4      | Paralysed by Grinder for 5 turns
  5026 | D:4      | Killed from afar by an orc priest

Illustrated notes

Levels and vault maps discovered:
D:1:      psy_arrival_radial01, layout_basic, roderic_roman_lattice,
          nemelex_diamond_rough_becter
D:2:      layout_basic, first_ration, corexii_item_surrounded_by_moat,
          uniq_crazy_yiuf_cottage
D:3:      layout_loops_ring, serial_forest, infiniplex_forest_straight_5,
          infiniplex_forest_end_2, infiniplex_forest_zigzag_1,
          infiniplex_forest_lined_4_way, infiniplex_forest_end_3, uniq_natasha,
          uniq_purgy, uniq_terence
D:4:      layout_loops_ring, tgw_sif, minmay_misc_feat_tiny,
          minmay_fractal_squares_gapless_5, uniq_grinder

Skill      XL: |  1  2  3  4  5  6  7 |
---------------+----------------------+-----
Spellcasting   | 5 6 7 8 |  8.1
Fighting       | 1 |  1.9
Armour         | 1 |  1.0
Conjurations   | 2 3 4 |  4.0
Dodging        | 3 |  3.0
Shields        | 1 |  1.0
Poison Magic   | 1 |  1.0
Stealth        | 3 |  3.0
Air Magic      | 1 |  1.0
Fire Magic     | 1 2 |  2.3
Summonings     | |  1.1
Translocations | |  1.1

Action                   |  1- 3 |  4- 6 |  7- 9 || total
-------------------------+-------+-------+-------++-------
Melee: Quarterstaff      |     5 |    15 |       ||    20
       Unarmed           |     2 |       |       ||     2
 Cast: Magic Dart        |    63 |   113 |    39 ||   215
       Mephitic Cloud    |     3 |     7 |     1 ||    11
       Call Imp          |     2 |     2 |       ||     4
       Conjure Flame     |     1 |     5 |     1 ||     7
       Blink             |       |     1 |    10 ||    11
 Stab: Confused          |       |     2 |       ||     2
  Eat: Chunk             |     4 |     6 |     2 ||    12
Armor: Leather armour    |       |    15 |     5 ||    20
Dodge: Dodged            |    18 |    30 |     7 ||    55
       Rpst.: Falchion   |       |       |     2 ||     2
